 Dungeon Sprint DCSS version 0.17-a0-1805-g6093636 (webtiles) character file.

23 nuthulu the Skirmisher (level 2, -8/27 HPs)
             Began as a Demonspawn Berserker on Sept 12, 2015.
             Was a Believer of Trog.
             Mangled by a water elemental (13 damage)
             ... in the Dungeon (Sprint III: "The Ten Rune Challenge").
             The game lasted 00:01:25 (347 turns).

nuthulu the Skirmisher (Demonspawn Berserker)        Turns: 347, Time: 00:01:25

Health: -8/27      AC:  2    Str: 17    XL:     2   Next: 75%
Magic:  2/2        EV: 13    Int:  8    God:    Trog [**....]
Gold:   23         SH:  0    Dex: 12    Spells: 0 memorised, 1 level left

rFire  . . .     SeeInvis .     a - +0 hand axe
rCold  . . .     Clarity  +     b - +0 animal skin
rNeg   . . .     SustAt   .     (no shield)
rPois  .         Gourm    .     (no helmet)
rElec  .         Spirit   .     (no cloak)
rCorr  .         Warding  .     (no gloves)
rMut   .         NoTele   +     (no boots)
MR     .....                    (no amulet)
Stlth  +.........               (no ring)
                                (no ring)

@: exhausted, slowed, very slow, not resistant to hostile enchantments, very
unstealthy
A: blurry vision 1, clarity, robust 1, rot immunity
a: Burn Spellbooks, Berserk, Trog's Hand, Renounce Religion


You were in the Dungeon.
You worshipped Trog.
Trog was pleased with you.
You were hungry.

You visited 1 branch You collected 23 gold pieces.

Inventory:

Hand weapons
 a - a +0 hand axe (weapon)
Armour
 b - a +0 animal skin (worn)
Scrolls
 i - a scroll of blinking
 j - 3 scrolls of remove curse
 l - 2 scrolls of holy word {unknown}
Potions
 d - a potion of curing
 e - a potion of heal wounds
 f - 2 potions of haste
 g - 2 potions of magic
 h - a potion of berserk rage
 k - 2 potions of mutation
 o - 2 potions of flight
 q - a potion of resistance
Comestibles
 c - a bread ration
 n - a meat ration
 p - a fruit


   Skills:
 + Level 4.0 Fighting
 + Level 3.6 Axes
 + Level 3.1 Armour
 + Level 3.0 Dodging


You had one spell level left.
You didn't know any spells.

Dungeon Overview and Level Annotations

Branches:
Dungeon (1/1)

Altars:


Innate Abilities, Weirdness & Mutations

You are immune to rotting.
Scrolls take you a little longer to read.
You possess an exceptional clarity of mind.
You are robust (+10% HP).


Message History

You feel a strong urge to attack something.
The water elemental barely misses you.
You slash the water elemental!
The water elemental is almost destroyed.
The water elemental hits you!
* * * LOW HITPOINT WARNING * * *
The water elemental engulfs you in water!
You barely miss the water elemental.
The water elemental is almost destroyed.
You are no longer berserk.
You are exhausted.
You feel yourself slow down.
You are feeling hungry.
* * * LOW HITPOINT WARNING * * *
Your lungs strain for air!
The water elemental closely misses you.
With effort, you pull free of the water engulfing you.
You gasp with relief as air once again reaches your lungs.
The water elemental hits you!
You die...

▓<..#...#### ##.#
▓...#......#####..#
▓..##.......#..#..#
▓##.##.##...#..#..###+#+#
##.##.###..##+#..#......
▓#.####.##..###...'.⌠....
▓.###..##..####...#...###
▓#.....##..###.E..# ⌠.#
###..##...##.@...# .#
#..##....#......# #
#..###..##.#.....# #(.#
#..#####....# ▓▓▓▓ ▓▓▓▓
▓▓▓▓▓▓


You could see a water elemental.

Vanquished Creatures
  A human (D)
  A phantom (D)
  4 rats (D)
6 creatures vanquished.

Vanquished Creatures (others)
  2 draconian scorchers (D)
  A yaktaur (D)
  2 plants (D)
5 creatures vanquished.

Grand Total: 11 creatures vanquished

Notes
Turn   | Place    | Note
--------------------------------------------------------------
     0 | D        | nuthulu the Demonspawn Berserker began the quest for the Orb.
     0 | D        | Reached XP level 1. HP: 18/18 MP: 1/1
    26 | D        | Acquired Trog's second power
    61 | D        | Reached skill level 4 in Fighting
    61 | D        | Gained mutation: You are immune to rotting. [demonic ancestry]
    61 | D        | Reached XP level 2. HP: 17/25 MP: 2/2
   122 | D        | Killed a yaktaur
   198 | D        | Killed a white draconian scorcher
   232 | D        | Killed a white draconian scorcher
   308 | D        | Gained mutation: You possess an exceptional clarity of mind. [potion of mutation]
   308 | D        | Gained mutation: You are robust (+10% HP). [potion of mutation]
   308 | D        | Gained mutation: Scrolls take you a little longer to read. [potion of mutation]
   334 | D        | Noticed a water elemental
   347 | D        | Mangled by a water elemental

Vault maps used:
D:        dungeon_sprint_mu

Action                   || total
-------------------------++-------
Melee: Hand axe          ||    31
Invok: Berserk           ||     2
       Trog's Hand       ||     1
  Use: Scroll            ||     4
       Potion            ||     1
 Stab: Sleeping          ||     2
